AoeStats
← Bo Xilai stan

Northern Isles

510443584Analyzed
1v1 RM · 1d ago on Oct 1, 2026· 35m 15s· 2 players
Game mode
Random Map
Map size
Tiny (2 player)
Population
200
Speed
Normal
Resources
Standard
Victory
Conquest
Starting age
Dark Age
Ending age
Imperial Age
RankedLock teamsTeams togetherTeam positionsShared explorationLock speedFull tech treeHidden civsTurbo modeCheats
Victory
Defeat
🇺🇸 Sicilians · United States
1014
+14
🇲🇽 Vikings · Mexico
962
-14
Bo Xilai stan
7:12 Loom
9:48 Feudal Age
19:49 Fishing Lines
28:13 Castle Age
25:59 Town Watch
28:49 Scale Barding Armor
28:36 Fletching
29:53 Medium Warships
30:08 Town Patrol
30:43 Wheelbarrow
31:00 Forging
30:50 Scale Mail Armor
32:02 Double-Bit Axe
32:42 Bloodlines
32:46 Stone Mining
34:05 Husbandry
35:13 Gold Mining
SunshinySole59
9:20 Feudal Age
11:44 Man-at-Arms
13:34 Loom
29:38 Scale Mail Armor
Connection lost

Rejoining the realm…

Still unreachable

The connection could not be restored.

Session expired

The server has moved on; the page needs a fresh start.